 Dungeon Crawl Stone Soup version 0.29-a0-824-gd827844252 (webtiles) character file.

Game seed: 10162039306542802688

3081 tilp the Purveyor of Pain (level 9, -13/69 HPs)
             Began as a Mummy Necromancer on July 9, 2022.
             Was an Initiate of Kikubaaqudgha.
             Mangled by a wight
             ... wielding a +0 battleaxe
              (14 damage)
             ... on level 8 of the Dungeon on July 10, 2022.
             The game lasted 00:17:48 (10792 turns).

tilp the Purveyor of Pain (Mummy Necromancer)      Turns: 10792, Time: 00:17:49

Health: -13/69     AC:  7    Str: 12    XL:     9   Next: 58%
Magic:  15/19      EV: 13    Int: 18    God:    Kikubaaqudgha [......]
Gold:   269        SH:  0    Dex: 12    Spells: 8/21 levels left

rFire   x . .      SeeInvis .   a - +3 trident
rCold   + + .      Faith    .   (no shield)
rNeg    + + +      Spirit   .   k - +2 robe {Will+}
rPois   ∞          Reflect  .   (no helmet)
rElec   .          Harm     .   i - +1 cloak
rCorr   +          Rampage  .   (no gloves)
Will    ++...                   j - +0 pair of boots
Stlth   ++........              (no amulet)
HPRegen 0.21/turn               u - ring of protection from cold
MPRegen 0.16/turn               c - ring of resist corrosion

@: no status effects
A: cold resistance 1, negative energy resistance 3, torment resistance 2, heat
vulnerability 1, in touch with death 1, no potions
a: Renounce Religion


You were on level 8 of the Dungeon.
You worshipped Kikubaaqudgha.
Kikubaaqudgha was noncommittal.
You visited 2 branches of the dungeon, and saw 9 of its levels.

You collected 497 gold pieces.
You spent 228 gold pieces at shops.

Inventory:

Hand Weapons
 a - a +3 trident (weapon)
 b - a +4 hand axe of freezing
Missiles
 o - 15 poisoned darts (quivered)
Armour
 i - a +1 cloak (worn)
 j - a +0 pair of boots (worn)
 k - a +2 robe of willpower (worn)
 m - a +2 kite shield
 n - an orb of energy
Jewellery
 c - a ring of resist corrosion (right hand)
 u - a ring of protection from cold (left hand)
 z - an amulet of the acrobat
Wands
 d - a wand of flame (8)
 p - a wand of roots (5)
 r - a wand of charming (7)
Scrolls
 e - a scroll of torment
 f - 2 scrolls of immolation
 g - 2 scrolls of blinking
 h - 2 scrolls of teleportation
 l - a scroll of vulnerability
 q - 2 scrolls of brand weapon
 s - a scroll of enchant weapon
 t - 2 scrolls of fog
 v - 3 scrolls of silence {unknown}
 w - 4 scrolls of magic mapping
 x - a scroll of amnesia {unknown}
 y - a scroll of acquirement {unknown}


   Skills:
 - Level 6.0 Fighting
 - Level 4.0 Dodging
 - Level 2.0 Stealth
 + Level 6.7 Spellcasting
 * Level 9.5 Necromancy
 + Level 3.6 Evocations


You had 8 spell levels left.
You knew the following spells:

 Your Spells              Type           Power      Damage    Failure   Level
a - Necrotise             Necr           100%       1d9       1%          1
b - Vampiric Draining     Necr           57%        2d10      1%          3
c - Animate Dead          Necr           57%        N/A       2%          4
d - Agony                 Necr           57%        N/A       6%          5

Your spell library contained the following spells:

 Spells                   Type           Power      Damage    Failure   Level
 Magic Dart               Conj           24%        1d4       11%         1
 Call Imp                 Summ           6%         N/A       17%         2
 Mephitic Cloud           Conj/Pois/Air  6%         N/A       32%         3
 Ozocubu's Armour         Ice            6%         N/A       32%         3
 Passage of Golubria      Tloc           6%         N/A       73%         4
 Silence                  Hex/Air        3%         N/A       97%         5
 Ozocubu's Refrigeration  Ice            3%         4d5       100%        7
 Lehudib's Crystal Spear  Conj/Erth      3%         10d2      100%        8


Dungeon Overview and Level Annotations

Branches:
Dungeon (8/15)             Temple (1/1) D:6
   Lair: D:8-11

Altars:
Ashenzari
Dithmenos
Fedhas
Gozag
Hepliaklqana
Kikubaaqudgha
Makhleb
Okawaru
Qazlal
Sif Muna
Trog
Uskayaw
Wu Jian
Xom

Shops:
D:1 !:(:   D:3 :   D:4 *

Annotations:
D:3 exclusion: ice beast
D:4 Eustachio, Grinder


Innate Abilities, Weirdness & Mutations

You are immune to poison.
Your flesh is cold resistant. (rC+)
You are immune to negative energy. (rN+++)
You are immune to unholy pain and torment.
You are vulnerable to heat. (rF-)
You are in touch with the powers of death.
You do not drink.


Message History

You hit the kobold.
The kobold is severely wounded.
The kobold completely misses you.
You hit the kobold.
You kill the kobold!
Kikubaaqudgha accepts your kill.
The dead are walking!
y - a scroll labelled DEXYOCWYORYH;
o - 15 poisoned darts (gained 6)
Items here: ( )))) [.
Things that are here:
a +0 short sword; a +0 club A wight comes into view.
It is wielding a +2 scimitar.
Unknown command.
Your reaping aura is weakening.
A wight comes into view. It is wielding a +0 battleaxe.
A wight comes into view. It is wielding a +1 vorpal trident.
The wight moves out of view.
You see here an amulet of the acrobat.
z - an amulet of the acrobat Your reaping aura expires.
You swap places.
Your kobold zombie hits the wight.
The wight hits you with a +2 scimitar!
You barely miss the wight.
The wight closely misses your kobold zombie.
Something hits your kobold zombie!
Your kobold zombie is destroyed!
The wight hits you with a +2 scimitar!
* * * LOW HITPOINT WARNING * * *
You hit the wight.
The wight is lightly damaged.
The wight hits you with a +2 scimitar!
* * * LOW HITPOINT WARNING * * *
The wight barely misses you.
You hit the wight. Your punch misses the wight.
The wight is heavily damaged.
The wight hits you with a +2 scimitar!
* * * LOW HITPOINT WARNING * * *
The wight hits you with a +0 battleaxe!
You die...
Kikubaaqudgha rasps: "You have failed me!
Welcome... oblivion!"

#.......######
#.............
#...≈≈).......
#!........$...
#.............
#.##z#...#####...
#......z## . ##...##z#
..... #@# ###..##z#
#.>...# ########
#.##..# #.......
#.....# #.######
#####)#########.##....
#.).......#.###.#.
#########.#.# #.#.
#.#.# #.#.


You could see 3 wights.

Vanquished Creatures
  An unseen horror (D:7)
  Sigmund (D:2)
  A steam dragon (D:6)
  Menkaure (D:5)
  A water moccasin (D:7)
  3 black bears
  2 ice beasts
  2 ogres
  3 centaurs
  A kobold brigand (D:8)
  3 scorpions
  7 wights (D:7)
  2 hounds
  2 jellies (D:7)
  4 orc priests
  4 iguanas
  Terence (D:1)
  Ijyb (D:3)
  2 orc wizards
  8 adders
  2 white imps
  An ufetubus (D:5)
  4 worms
  4 dart slugs
  11 orcs
  2 ball pythons
  6 endoplasms
  3 giant cockroaches
  4 goblins
  3 hobgoblins (D:2)
  4 jackals (D:1)
  6 quokkas
  3 bats
  A frilled lizard (D:1)
  8 kobolds
  A rat (D:1)
113 creatures vanquished.

Vanquished Creatures (collateral kills)
  A centaur (D:7)
  A bullfrog (D:7)
  A wight (D:7)
  2 adders (D:6)
  A giant cockroach (D:2)
  A rat (D:1)
7 creatures vanquished.

Vanquished Creatures (others)
  A bullfrog zombie (D:7)
  2 centaur zombies (D:7)
  An ogre zombie (D:7)
  2 kobold zombies (D:8)
  An orc zombie (D:8)
  11 plants (D:5)
18 creatures vanquished.

Grand Total: 138 creatures vanquished

Notes
Turn   | Place    | Note
-------+----------+-------------------------------------------
     0 | D:1      | tilp the Mummy Necromancer began the quest for the Orb.
     0 | D:1      | Reached XP level 1. HP: 13/13 MP: 4/4
   244 | D:1      | Found Peewiky's Book Shoppe.
   340 | D:1      | Found Zamodast's Book Shoppe.
   411 | D:1      | Reached XP level 2. HP: 16/20 MP: 1/5
   588 | D:1      | Found Bathrude's Magic Scroll Shoppe.
   625 | D:1      | Bought a scroll of teleportation for 36 gold pieces
   625 | D:1      | Bought a scroll of identify for 24 gold pieces
   690 | D:1      | Found Qias Yceme's Weapon Emporium.
   794 | D:1      | Found Okayt's Distillery.
  1250 | D:1      | Reached skill level 1 in Fighting
  1475 | D:2      | Noticed Sigmund
  1820 | D:2      | Gained mutation: You are in touch with the powers of death.
                  | [Mummy growth]
  1820 | D:2      | Reached XP level 3. HP: 26/26 MP: 4/7
  1837 | D:2      | Learned a level 3 spell: Vampiric Draining
  2740 | D:2      | Noticed Terence
  2763 | D:1      | Killed Terence
  2764 | D:1      | Reached XP level 4. HP: 23/33 MP: 0/8
  3541 | D:3      | Noticed an ice beast
  3666 | D:3      | Found an ornate altar of the Wu Jian Council.
  3680 | D:3      | Found a blossoming altar of Fedhas.
  3683 | D:3      | Found a hide-covered altar of Uskayaw.
  3686 | D:3      | Found a shimmering blue altar of Sif Muna.
  3758 | D:3      | Found a bloodstained altar of Trog.
  3786 | D:3      | Reached skill level 5 in Necromancy
  3900 | D:3      | Learned a level 4 spell: Animate Dead
  4026 | D:3      | Noticed Ijyb
  4027 | D:3      | Found Xoagauh's Book Shop.
  4039 | D:3      | Killed Ijyb
  4040 | D:3      | Reached XP level 5. HP: 32/38 MP: 0/9
  4571 | D:4      | Noticed Eustachio
  4660 | D:4      | Noticed a black bear
  4723 | D:4      | Reached skill level 6 in Necromancy
  4983 | D:4      | Found Bicujota's Overcharged Wands.
  5210 | D:4      | Killed a black bear
  5211 | D:4      | Reached XP level 6. HP: 36/46 MP: 5/10
  5484 | D:4      | Noticed Grinder
  5700 | D:5      | Entered Level 5 of the Dungeon
  5752 | D:5      | Noticed Menkaure
  5756 | D:5      | Killed Menkaure
  5757 | D:5      | Reached skill level 1 in Evocations
  5765 | D:5      | Reached XP level 7. HP: 46/52 MP: 8/12
  6161 | D:1      | Bought a scroll of fog for 24 gold pieces
  6161 | D:1      | Bought a scroll of immolation for 42 gold pieces
  6161 | D:1      | Bought a scroll of blinking for 90 gold pieces
  6161 | D:1      | Bought a scroll of noise for 12 gold pieces
  6172 | D:1      | Learned a level 5 spell: Agony
  6315 | D:2      | Killed Sigmund
  6594 | D:5      | Reached skill level 7 in Necromancy
  6902 | D:5      | Reached XP level 8. HP: 60/60 MP: 6/15
  7125 | D:5      | Reached skill level 5 in Spellcasting
  7431 | D:5      | Reached skill level 8 in Necromancy
  7594 | D:5      | Found a burning altar of Makhleb.
  7594 | D:5      | Noticed an Executioner
  7597 | D:5      | Noticed a hellwing
  7597 | D:5      | Noticed an orange demon
  7889 | D:6      | Found a staircase to the Ecumenical Temple.
  7913 | Temple   | Entered the Ecumenical Temple
  7925 | Temple   | Became a worshipper of Kikubaaqudgha
  8553 | D:6      | Found a shadowy altar of Dithmenos.
  8582 | D:6      | Found a hazy altar of Hepliaklqana.
  8693 | D:7      | Reached skill level 5 in Fighting
  9028 | D:7      | Reached XP level 9. HP: 36/68 MP: 6/17
  9496 | D:7      | Reached skill level 9 in Necromancy
 10104 | D:7      | Found a broken altar of Ashenzari.
 10136 | D:7      | Killed an unseen horror
 10792 | D:8      | HP: 1/69 [wight/+2 scimitar (9)]
 10792 | D:8      | Mangled by a wight

Illustrated notes

Levels and vault maps discovered:
D:1:      dpeg_arrival_boxes_within_box, layout_loops_ring, serial_shops,
          nicolae_shop_hallway_stairs, shop, nicolae_shop_hallway_stairs, shop,
          shop, minmay_heptomino_h4
D:2:      layout_basic, grunt_ministairs_14, uniq_sigmund, uniq_terence
D:3:      layout_basic, grunt_temple_overflow_cloverleaf,
          lightli_temple_of_fire, serial_shops, nicolae_shop_crystal, uniq_ijyb
D:4:      layout_basic, nicolae_shop_overcharged_wands, uniq_eustachio,
          uniq_grinder
D:5:      nicolae_cairo_tiling_large, layout_basic, makhleb_altar_promises_db,
          lemuel_round_altar, guppyfry_early_lair_pool, uniq_menkaure
D:6:      layout_rooms, riverfiend_overflow_shadow_ancestor,
          minmay_temple_entry_overgrown, dreamdust_princess_corridor
D:7:      layout_loops_cross, amcnicky_altar_gilded
D:8:      layout_basic, mainiacjoe_overflow_boulevard, lair_entry_dummy,
          uniq_joseph
Temple:   chequers_temple_sunken

Skill      XL: |  1  2  3  4  5  6  7  8  9 |
---------------+----------------------------+-----
Fighting       | 1 2 3 4 5 6 |  6.0
Dodging        | 2 3 4 |  4.0
Spellcasting   | 3 4 5 6 |  6.7
Stealth        | 2 |  2.0
Necromancy     | 5 6 7 8 9 |  9.5
Evocations     | 1 2 3 |  3.6

Action                   |  1- 3 |  4- 6 |  7- 9 || total
-------------------------+-------+-------+-------++-------
Melee: Hand axe          |    32 |    43 |    59 ||   134
       Punch             |       |     2 |     1 ||     3
       Trident           |       |       |    37 ||    37
Throw: Dart              |       |       |     4 ||     4
       Stone             |       |       |     1 ||     1
 Cast: Necrotise         |    58 |    38 |    34 ||   130
       Vampiric Draining |     2 |     7 |    57 ||    66
       Agony             |       |       |     6 ||     6
       Animate Dead      |       |       |     5 ||     5
Evoke: Wand              |       |     5 |    21 ||    26
  Use: Scroll            |       |       |     7 ||     7
 Stab: Sleeping          |     1 |     2 |     2 ||     5
Armor: Robe              |    21 |    40 |    68 ||   129
Dodge: Dodged            |    25 |    61 |   124 ||   210

Table legend: (Time is in decaauts)
 A = Elapsed time spent in this place.
 B = Non-inter-level travel time spent in this place.
 C = Inter-level travel time spent in this place.
 D = Time resting spent in this place.
 E = Time spent auto-exploring this place.
 F = Levels seen in this place.
 G = Mean time per level.
                   A        B        C        D        E       F      G
               +--------+--------+--------+--------+--------+-----+--------+
         Total |  10850 |   9959 |    891 |   1780 |   6774 |   9 | 1205.6 |
       Dungeon |  10830 |   9946 |    884 |   1780 |   6765 |   8 | 1353.8 |
        Temple |     20 |     14 |      6 |      0 |      9 |   1 |   20.0 |
               +--------+--------+--------+--------+--------+-----+--------+

Top non-repeatable levels by time:
     D:2: 2109 daAuts
     D:1: 1786 daAuts
     D:7: 1779 daAuts
     D:5: 1485 daAuts
     D:4: 1258 daAuts
     D:6: 1226 daAuts
     D:3: 1050 daAuts
     D:8: 133 daAuts
  Temple: 20 daAuts
